 Dungeon Crawl Stone Soup version 0.28.0-45-g0d030f2227 (webtiles) character file.

Game seed: 14556571880367746525

41404 Bruhh the Warrior (level 14, -2/114 HPs)
             Began as a Djinni Cinder Acolyte on Apr 24, 2022.
             Was an Elder of Ignis.
             Slain by a wyvern (8 damage)
             ... on level 6 of the Lair of Beasts.
             The game lasted 01:00:43 (21657 turns).

Bruhh the Warrior (Djinni Cinder Acolyte)          Turns: 21657, Time: 01:00:43

Health: -2/114     AC: 11    Str: 15    XL:     14   Next: 49%
Gold:   906        EV: 14    Int: 22    God:    Ignis [****..] SH:  0 Dex:  8

rFire   + + .      SeeInvis .   B - +2 demon blade (flame)
rCold   . . .      Faith    .   (no shield)
rNeg    . . .      Spirit   .   x - +1 troll leather armour
rPois   ∞          Reflect  .   k - +2 helmet
rElec   .          Harm     .   K - scarf {shadows}
rCorr   .          Rampage  .   p - +2 pair of gloves
Will    +....                   (boots unavailable)
Stlth   +.........              f - amulet of the acrobat
HPRegen 1.09/turn               s - ring of wizardry
MPRegen 0.00/turn               E - ring of ice

@: forested, flying, hasted, very quick
A: sickness immunity, fire resistance 2, cold vulnerability 1, float, innate
caster, HP casting, extra vitality 1, strong 1
a: Renounce Religion, Fiery Armour, Foxfire Swarm


You were on level 6 of the Lair of Beasts.
You worshipped Ignis.
Ignis was greatly pleased with you.
You visited 2 branches of the dungeon, and saw 16 of its levels.

You collected 1029 gold pieces.
You spent 123 gold pieces at shops.

Inventory:

Hand Weapons
 a - a +0 falchion of flaming
 d - a +2 trident of freezing
 B - a +2 demon blade of flaming (weapon)
Armour
 b - a +1 robe
 k - a +2 helmet (worn)
 p - a +2 pair of gloves (worn)
 u - +0 steam dragon scales
 w - a +2 ring mail of cold resistance
 x - a +1 troll leather armour (worn)
 K - a scarf of shadows (worn)
Jewellery
 f - an amulet of the acrobat (around neck)
 s - a ring of wizardry (left hand)
 E - a ring of ice (right hand)
Wands
 g - a wand of digging (7)
 n - a wand of flame (54)
 r - a wand of mindburst (5)
 y - a wand of paralysis (15)
 z - a wand of iceblast (5)
 I - a wand of acid (3)
Scrolls
 j - a scroll of noise
 o - 2 scrolls of vulnerability
 A - 2 scrolls of identify
 C - 2 scrolls of fog
 G - a scroll of teleportation
 H - 3 scrolls of blinking
 J - a scroll of silence
 L - a scroll of immolation {unknown}
Potions
 c - 3 potions of brilliance
 e - 8 potions of curing
 h - a potion of attraction
 i - 2 potions of berserk rage
 l - 3 potions of haste
 q - 2 potions of mutation
 t - 2 potions of magic
 D - 2 potions of heal wounds
 F - a potion of lignification
Miscellaneous
 m - a piece from Xom's chessboard (15/15)


   Skills:
 - Level 15.0 Fighting
 - Level 2.6 Long Blades
 - Level 10.0 Dodging
 - Level 10.7 Spellcasting
 + Level 11.0 Evocations


You had 13 spell levels left.
You knew the following spells:

 Your Spells              Type           Power      Damage    Failure   Level
a - Scorch                Fire           100%       2d10      1%          2
b - Freeze                Ice            100%       1d11      1%          1
c - Searing Ray           Conj           100%       2d8       1%          2
d - Poisonous Vapours     Pois/Air       100%       N/A       1%          2
e - Animate Armour        Summ/Erth      100%       N/A       1%          4
f - Summon Forest         Summ/Tloc      28%        N/A       1%          5
g - Yara's Violent Unrav  Hex/Tmut       28%        3d12      1%          5
Your spell library was empty.

Dungeon Overview and Level Annotations

Branches:
Dungeon (10/15)            Temple (0/1) D:4            Lair (6/6) D:9
 Shoals (0/4) Lair:2       Spider (0/4) Lair:4          Orc (0/2) D:9
  Slime: Lair:5-6

Altars:
Hepliaklqana
Vehumet

Shops:
D:5 ?   D:9 *

Annotations:
Lair:3 exclusion: ice statue
Lair:5 exclusion: 3 oklob plants


Innate Abilities, Weirdness & Mutations

You are immune to sickness and miasma.
You are immune to poison.
Your flesh is very heat resistant. (rF++)
You are vulnerable to cold. (rC-)
You float through the air rather than walking.
You learn spells naturally, not from books.
Your magical power is your life essence.
You have superior vitality. (+4 MHP)
Your muscles are strong. (Str +2)


Message History

You are engulfed in calcifying dust.
The blink frog blinks!
The catoblepas breathes a plume of calcifying dust at you.
The blast of calcifying dust hits you.
You are engulfed in calcifying dust.
The blink frog blinks!
The catoblepas breathes a plume of calcifying dust at you.
The blast of calcifying dust hits you but does no damage.
You are engulfed in calcifying dust.
The wyvern is no longer petrified.
The wyvern bites you but does no damage.
The catoblepas gores you!
You are engulfed in calcifying dust.
The wyvern bites you but does no damage.
The catoblepas breathes a plume of calcifying dust at you.
The blast of calcifying dust hits you.
You feel less invigorated.
You feel less confused. The wyvern bites you. The wyvern bites you!
The catoblepas gores you!!
* * * LOW HITPOINT WARNING * * *
You turn to flesh and can move again.
Casting: Poisonous Vapours (safe; 1% risk of failure)
Confirm with . or Enter, or press ? or * to list all spells.
A forested plane collides here with a resounding crunch!
Your dryad calls out to the forest.
The forest starts to sway and rumble!
* * * LOW HITPOINT WARNING * * *
You hear a loud, deep croak! x2
The wyvern barely misses you.
Casting: Summon Forest (mildly dangerous; 1% risk of failure)
Confirm with . or Enter, or press ? or * to list all spells.
Okay, then.
Aiming: Corrosive Bolt
Press: ? - help, Shift-Dir - straight line, f/p - catoblepas
Aim: a catoblepas (severely wounded, very poisoned, 100% to hit)
The bolt of acid hits the catoblepas!!
The acid corrodes the catoblepas!
The catoblepas is almost dead.
The bolt of acid hits the blink frog!!!
The acid corrodes the blink frog!
You kill the blink frog!
The catoblepas gores you!!
* * * LOW HITPOINT WARNING * * *
The wyvern bites you!
You die...

#.#.####..P....
....#..#......##
#.......♣P....♣
#....♣........
♣...†♣......#
#...♣.#.....♣
#..<.....)..♣
#...♣#.Y...##♣#
♣#.♣†♣#l@.....♣
♣..#...†....♣....
......♣.†.R........
........†....♣.§)..
...≈≈<.............
....≈.......♣...P§#
..≈≈≈≈...........##
...≈≈≈..♣.♣......#
...≈.........


You could see a catoblepas (very poisoned, corroded), a wyvern (ally target) and
a friendly dryad (summoned).

Vanquished Creatures
  Fannar (Lair:3)
  5 hydras
  A catoblepas (Lair:5)
  2 two-headed ogres (D:9)
  Pikel (D:4)
  An ugly thing (D:10)
  10 elephants
  4 black mambas
  11 cane toads
  7 komodo dragons
  15 rime drakes
  A freezing wraith (Lair:3)
  A wind drake (Lair:2)
  A troll (D:9)
  8 blink frogs
  4 polar bears
  3 hornets
  5 dream sheep (Lair:4)
  3 wyverns
  11 yaks
  4 steam dragons
  Eustachio (D:4)
  3 basilisks
  2 vampire mosquitoes (Lair:6)
  7 water moccasins
  An acid dragon (Lair:2)
  7 ice beasts
  2 ogres (D:4)
  2 black bears
  2 necrophages (D:5)
  3 centaurs
  6 wolves
  A rime drake zombie (D:9)
  A kobold brigand (D:8)
  Blork the orc (D:5)
  21 bullfrogs
  3 scorpions
  2 water moccasin skeletons
  4 killer bees
  4 howler monkeys
  3 wights (D:7)
  5 electric eels (D:9)
  A bullfrog zombie (D:5)
  2 bullfrog skeletons
  A jelly (D:5)
  3 centaur zombies
  5 hounds
  5 orc priests
  5 centaur skeletons
  2 gnoll shamans
  2 iguanas
  Jessica (D:3)
  Terence (D:3)
  4 orc wizards
  A hell rat (Lair:1)
  A killer bee zombie (D:8)
  A howler monkey zombie (D:9)
  6 adders
  7 gnolls
  A howler monkey skeleton (D:7)
  2 white imps
  3 ufetubi
  6 worms
  2 dart slugs
  17 orcs
  3 bats
  5 endoplasms
  4 giant cockroaches
  4 goblins
  6 hobgoblins
  3 jackals (D:2)
  10 kobolds
  2 quokkas (D:3)
  4 ball pythons
  A frilled lizard (D:3)
  A rat (D:2)
302 creatures vanquished.

Vanquished Creatures (collateral kills)
  2 hydras
  A manticore (Lair:2)
  7 elephants
  A cane toad (Lair:6)
  2 komodo dragons
  A rime drake (Lair:5)
  2 dream sheep (Lair:4)
  2 blink frogs
  A wyvern (D:8)
  5 yaks (Lair:1)
  Grum (Lair:1)
  A steam dragon (Lair:2)
  2 water moccasins
  5 wolves (Lair:1)
  5 bullfrogs
  A wight (D:7)
  3 howler monkeys (D:8)
  3 hell rats (Lair:1)
  A hound skeleton (D:5)
  3 gnolls
  5 orcs (D:8)
54 creatures vanquished.

Vanquished Creatures (others)
  13 foxfires (Lair:3)
  35 fungi
  67 plants
  A snaplasher vine (Lair:5)
116 creatures vanquished.

Grand Total: 472 creatures vanquished

Notes
Turn   | Place    | Note
-------+----------+-------------------------------------------
     0 | D:1      | Bruhh the Djinni Cinder Acolyte began the quest for the
                  | Orb.
     0 | D:1      | Reached XP level 1. HP: 20/20 MP: 0/0
   197 | D:1      | Found a faded altar of an unknown god.
   350 | D:1      | Reached XP level 2. HP: 21/25 MP: 0/0
   919 | D:2      | Reached XP level 3. HP: 21/30 MP: 0/0
   919 | D:2      | Learned a level 1 spell: Freeze
  2193 | D:3      | Reached XP level 4. HP: 31/35 MP: 0/0
  2525 | D:3      | Noticed Jessica
  2530 | D:3      | Killed Jessica
  2531 | D:3      | Reached XP level 5. HP: 28/40 MP: 0/0
  2531 | D:3      | Learned a level 2 spell: Searing Ray
  3306 | D:3      | Noticed Terence
  3312 | D:3      | Killed Terence
  3582 | D:4      | Reached XP level 6. HP: 22/46 MP: 0/0
  4056 | D:4      | Reached skill level 5 in Spellcasting
  4169 | D:4      | Noticed an ogre
  4177 | D:4      | Killed an ogre
  4356 | D:4      | Reached XP level 7. HP: 48/50 MP: 0/0
  4356 | D:4      | Learned a level 2 spell: Poisonous Vapours
  4550 | D:4      | Noticed Pikel
  4965 | D:4      | Killed Pikel
  4966 | D:4      | Reached XP level 8. HP: 35/56 MP: 0/0
  5103 | D:4      | Found a staircase to the Ecumenical Temple.
  5124 | D:4      | Noticed Eustachio
  5130 | D:4      | Killed Eustachio
  5858 | D:5      | Entered Level 5 of the Dungeon
  5870 | D:5      | Noticed Blork the orc
  5873 | D:5      | Killed Blork the orc
  5873 | D:5      | Noticed a hornet
  5881 | D:5      | Killed a hornet
  5882 | D:5      | Reached XP level 9. HP: 10/60 MP: 0/0
  5882 | D:5      | Learned a level 4 spell: Animate Armour
  6438 | D:4      | Gained mutation: Your muscles are strong. (Str +2) [potion
                  | of mutation]
  7388 | D:5      | Found Wononotuidd's Magic Scroll Boutique.
  7397 | D:5      | Bought a scroll of summoning for 123 gold pieces
  8440 | D:6      | Reached skill level 10 in Spellcasting
  8966 | D:7      | Reached skill level 4 in Fighting
  8972 | D:7      | Reached XP level 10. HP: 38/69 MP: 0/0
  8978 | D:7      | Reached skill level 5 in Fighting
  9574 | D:7      | Noticed a komodo dragon
  9581 | D:7      | Reached skill level 6 in Fighting
  9592 | D:7      | Reached skill level 7 in Fighting
  9600 | D:7      | Killed a komodo dragon
  9964 | D:7      | Reached skill level 8 in Fighting
 10539 | D:8      | Reached skill level 9 in Fighting
 11544 | D:9      | Noticed a two-headed ogre
 11552 | D:9      | Killed a two-headed ogre
 11553 | D:9      | Reached skill level 10 in Fighting
 11553 | D:9      | Reached XP level 11. HP: 52/86 MP: 0/0
 11553 | D:9      | Learned a level 5 spell: Summon Forest
 11882 | D:9      | Noticed a two-headed ogre
 11890 | D:9      | Killed a two-headed ogre
 11891 | D:9      | Reached skill level 11 in Fighting
 12242 | D:9      | Found a staircase to the Orcish Mines.
 12391 | D:9      | Found Luokyses's Elemental Accessories.
 12851 | D:9      | Found a staircase to the Lair.
 12858 | D:9      | Reached skill level 12 in Fighting
 13271 | D:10     | Entered Level 10 of the Dungeon
 13325 | D:10     | Found a hazy altar of Hepliaklqana.
 13371 | D:10     | Noticed a brown ugly thing
 13394 | D:10     | Killed a brown ugly thing
 13446 | Lair:1   | Entered Level 1 of the Lair of Beasts
 13573 | Lair:1   | Reached skill level 13 in Fighting
 13586 | Lair:1   | Noticed Grum
 13594 | Lair:1   | Killed Grum
 13677 | Lair:1   | Noticed an elephant
 13677 | Lair:1   | Noticed an elephant
 13677 | Lair:1   | Noticed an elephant
 13677 | Lair:1   | Noticed an elephant
 13685 | Lair:1   | Killed an elephant
 13686 | Lair:1   | Reached XP level 12. HP: 90/99 MP: 0/0
 13699 | Lair:1   | Reached skill level 14 in Fighting
 14143 | Lair:1   | Noticed a six-headed hydra
 14152 | Lair:1   | Killed a six-headed hydra
 14336 | Lair:1   | Reached skill level 15 in Fighting
 14439 | Lair:1   | Reached skill level 1 in Dodging
 14693 | Lair:2   | Noticed an eight-headed hydra
 15172 | Lair:2   | Reached skill level 5 in Dodging
 15253 | Lair:2   | Killed an eight-headed hydra
 15338 | Lair:2   | Found a staircase to the Shoals.
 15759 | Lair:2   | Reached XP level 13. HP: 105/107 MP: 0/0
 15759 | Lair:2   | Learned a level 5 spell: Yara's Violent Unravelling
 16456 | Lair:2   | Reached skill level 10 in Dodging
 16906 | Lair:3   | Noticed Fannar
 17096 | Lair:3   | Killed Fannar
 18269 | Lair:4   | Noticed a four-headed hydra
 18278 | Lair:4   | Killed a four-headed hydra
 18596 | Lair:4   | You are sucked into a shaft and drop 2 floors!
 18596 | Lair:6   | Entered Level 6 of the Lair of Beasts
 18611 | Lair:5   | Reached skill level 5 in Evocations
 19043 | Lair:5   | Noticed a catoblepas
 19478 | Lair:4   | Found a hole to the Spider Nest.
 19774 | Lair:4   | Noticed a five-headed hydra
 19779 | Lair:4   | Killed a five-headed hydra
 19863 | Lair:4   | Noticed a five-headed hydra
 19871 | Lair:4   | Killed a five-headed hydra
 19872 | Lair:4   | Reached XP level 14. HP: 57/114 MP: 0/0
 21192 | Lair:6   | Reached skill level 10 in Evocations
 21657 | Lair:6   | Slain by a wyvern

Illustrated notes

Levels and vault maps discovered:
D:1:      kennysheep_arrival_seaside, layout_loops_ring,
          ebering_ecumenical_altar_hall
D:2:      layout_loops_corners
D:3:      layout_basic, uniq_terence, uniq_jessica
D:4:      layout_basic, minmay_temple_entry_junction,
          cheibrodos_sewer_entry_sluice, uniq_pikel, uniq_eustachio
D:5:      layout_cave_pools, serial_shops, shop, minivault_23,
          uniq_blork_the_orc
D:6:      layout_loops_ring
D:7:      layout_loops_ring, hangedman_decor_points, st_stairs_11,
          grunt_potential
D:8:      layout_cave_pools
D:9:      layout_basic, mainiacjoe_overflow_boulevard, erik_lair_island,
          nicolae_elemental_shop
D:10:     old_forge, layout_rooms, kennysheep_little_box, minivault_4,
          roderic_roman_lattice
Lair:1:   layout_chaotic_city, grunt_megastairs_1, uniq_grum
Lair:2:   layout_big_grid, minmay_shoals_entry_beasts, serial_bayou_pond_e,
          bobbens_dragon_lair_wall, infiniplex_staircase_pool,
          grunt_megastairs_3
Lair:3:   layout_regular_city, ice2_lemuel, uniq_fannar
Lair:4:   layout_cave_pods, spider_nest_entry_web_field,
          dreamdust_deal_with_the_devil
Lair:5:   minmay_lair_oklob_chamber, layout_cave_shapes,
          minmay_slime_entry_oklob_enclosed
Lair:6:   minmay_lair_end_frog_pond, layout_regular_city, lemuel_fruit_tree

Skill      XL: |  1  2  3  4  5  6  7  8  9 10 11 12 13 14 |
---------------+-------------------------------------------+-----
Spellcasting   | 3 4 5 7 8 10 | 10.7
Fighting       | 4 10 13 15 | 15.0
Dodging        | 7 10 | 10.0
Evocations     | 7 11 | 11.0
Long Blades    | |  2.6

Action                   |  1- 3 |  4- 6 |  7- 9 | 10-12 | 13-15 || total
-------------------------+-------+-------+-------+-------+-------++-------
Melee: Falchion          |    14 |       |     1 |       |       ||    15
       Punch             |     1 |       |       |       |       ||     1
       Trident           |       |       |       |    15 |       ||    15
       Demon blade       |       |       |       |       |     8 ||     8
 Cast: Scorch            |    27 |    43 |   122 |   289 |   269 ||   750
       Poisonous Vapours |       |       |    14 |    11 |     7 ||    32
       Animate Armour    |       |       |     3 |    12 |     3 ||    18
       Summon Forest     |       |       |       |    14 |    16 ||    30
       Freeze            |       |       |       |     2 |       ||     2
       Searing Ray       |       |       |       |       |     1 ||     1
       Yara's Violent Un |       |       |       |       |     1 ||     1
Invok: Fiery Armour      |       |       |     1 |       |     2 ||     3
       Foxfire Swarm     |       |       |       |       |     1 ||     1
       Rising Flame      |       |       |       |       |     1 ||     1
Evoke: Wand              |       |       |       |       |     5 ||     5
  Use: Scroll            |       |       |     7 |    10 |     4 ||    21
       Potion            |       |       |     4 |     2 |     5 ||    11
Armor: Robe              |     3 |       |     5 |    18 |       ||    26
       Steam dragon scal |       |       |       |    16 |       ||    16
       Troll leather arm |       |       |       |    40 |    74 ||   114
       Ring mail         |       |       |       |       |     7 ||     7
Dodge: Dodged            |    12 |     4 |    35 |    97 |   139 ||   287
